cohdb
Replays
Latest Replays
All Replays
Popular Replays
Top Player Replays
Match Explorer
How It Works
Community
CoH3 Stats
Reddit
Sign in to upload your games and track your stats! →
Sign in with Steam
Match 42637342
Unlisted
Match 42637342
Overview
Messages
Build Orders
End
Kradschützen Motorcycle Team
Panzerpioneer Squad
Selects Panzerjäger Kommand Battlegroup
Selects Mine Fields
Panzerpioneer Squad
Construct Light Support Kompanie
Assault Grenadier Squad
Panzerjäger Squad
Assault Grenadier Squad
Construct Mechanized Kompanie
Selects Defensive Positions
2.5-tonne Medical Truck
Construct Panzerarmee Kommand
Selects Butterfly Bomb Drop
Walking Stuka Rocket Launcher
Panzerjäger Squad
Butterfly Bomb Drop
Walking Stuka Rocket Launcher
Cpt Racks
CommieRed
Thank You Chef
Minimizen
Badam
Jangbihwan
0
0
Comments
sign in to comment!
No comments posted yet!